 Dungeon Crawl Stone Soup version 0.21.1-1-g345015f (webtiles) character file.

62020 VLARC the Destroyer (level 14, -9/121 HPs)
             Began as a Demigod Fire Elementalist on Feb 25, 2018.
             Shot with an arrow by Nessos (31 damage)
             ... on level 6 of the Lair of Beasts.
             The game lasted 02:03:10 (33795 turns).

VLARC the Destroyer (Demigod Fire Elementalist)    Turns: 33795, Time: 02:03:11

Health: -9/121     AC:  9    Str: 13    XL:     14   Next: 26%
Magic:  5/31       EV: 19    Int: 25    God:
Gold:   1588       SH:  6    Dex: 16    Spells: 6/31 levels left

rFire    + . .     SeeInvis +   m - +9 spear "Grom" {venom, rN+}
rCold    . . .     Gourm    +   v - +1 buckler {rF+}
rNeg     + . .     Faith    .   t - +1 robe {MR+}
rPois    +         Spirit   .   D - +2 helmet {SInv}
rElec    .         Reflect  .   F - +0 cloak
rCorr    .         Harm     .   a - +0 pair of gloves
MR       ++...                  P - +0 pair of boots
Stlth    ++........             o - amulet of the gourmand
HPRegen  0.30/turn              Y - ring of poison resistance
MPRegen  0.22/turn              W - ring of wizardry

@: no status effects
A: high mp 1
a: no special abilities


You were on level 6 of the Lair of Beasts.
You were very full.

You visited 3 branches of the dungeon, and saw 20 of its levels.
You also visited: Labyrinth.

You collected 2048 gold pieces.
You spent 460 gold pieces at shops.

Inventory:

Hand Weapons
 m - the +9 spear "Grom" (weapon) {venom, rN+}
   (You found it in a labyrinth)

   It poisons the flesh of those it strikes.
   It protects you from negative energy.
Missiles
 g - 355 stones (quivered)
 S - a throwing net
Armour
 a - a +0 pair of gloves (worn)
 t - a +1 robe of magic resistance (worn)
 v - a +1 buckler of fire resistance (worn)
 D - a +2 helmet of see invisible (worn)
 F - a +0 cloak (worn)
 P - a +0 pair of boots (worn)
Magical Staves
 L - an uncursed staff of conjuration
 U - an uncursed staff of wizardry
Jewellery
 o - an amulet of the gourmand (around neck)
 I - an uncursed ring of protection from cold
 W - a ring of wizardry (right hand)
 Y - a ring of poison resistance (left hand)
Wands
 b - a wand of disintegration (9)
 q - a wand of random effects (49)
 w - a wand of iceblast (8)
 x - a wand of flame (9)
 H - a wand of enslavement (7)
 J - a wand of polymorph (30)
 T - a wand of digging (17)
 Z - a wand of paralysis (28)
Scrolls
 e - 3 scrolls of magic mapping
 j - 5 scrolls of enchant weapon
 k - a scroll of fog
 s - 2 scrolls of teleportation
 y - 6 scrolls of remove curse
 B - 2 scrolls of blinking
 G - 5 scrolls of enchant armour
 N - 2 scrolls of identify
 X - a scroll of amnesia
Potions
 d - a potion of heal wounds
 h - 3 potions of curing
 i - a potion of berserk rage
 l - 2 potions of mutation
 n - 4 potions of lignification
 p - a potion of flight
 r - a potion of cancellation
 u - 3 potions of might
 z - a potion of magic
 C - 4 potions of ambrosia
 E - a potion of agility
 M - a potion of haste
 Q - 2 potions of invisibility
 R - a potion of brilliance
Miscellaneous
 A - a fan of gales (inert)
 K - a crystal ball of energy
 V - a sack of spiders
Comestibles
 c - 23 rations


   Skills:
 - Level 10.0 Fighting
 + Level 9.6 Dodging
 - Level 1.7 Stealth
 - Level 4.1 Shields
 - Level 9.0 Spellcasting
 - Level 10.1 Conjurations
 - Level 7.1 Necromancy
 - Level 10.1 Fire Magic
 - Level 7.1 Earth Magic


You had 6 spell levels left.
You knew the following spells:

 Your Spells              Type           Power        Failure   Level  Hunger
a - Flame Tongue          Conj/Fire      #####        1%          1    None
b - Conjure Flame         Conj/Fire      ######..     1%          3    None
c - Sticky Flame          Conj/Fire      ######..     1%          4    ##.....
d - Fireball              Conj/Fire      ######....   1%          5    ####...
e - Apportation           Tloc           ##....       2%          1    None
f - Borgnjor's Vile Clut  Necr/Erth      #####.....   3%          5    ####...
g - Confusing Touch       Hex            ##....       2%          1    None
h - Animate Dead          Necr           N/A          1%          4    ##.....
i - Animate Skeleton      Necr           N/A          1%          1    None


Dungeon Overview and Level Annotations

Branches:
Dungeon (12/15)            Temple (0/1) D:6            Lair (6/6) D:8
  Swamp (0/4) Lair:4       Spider (0/4) Lair:3          Orc (2/2) D:9
    Elf (0/3) Orc:2
  Slime: Lair:5-6

Shops:
D:4 !   D:7 *   Orc:1 !   Orc:2 *:*[%

Annotations:
Lair:4 exclusion: oklob plant
Lair:6 Nessos


Innate Abilities, Weirdness & Mutations

You have an increased reservoir of magic. (+10% MP)


Message History

You feel much better.
The wolf bites your komodo dragon zombie.
Your black mamba zombie bites Nessos.
Nessos intently looks at you, slowly moving his tail.
Your komodo dragon zombie bites the wolf but does no damage.
Your black mamba zombie bites Nessos.
Nessos says, "Even if you were a mare, I'd kill you!"
Nessos shoots an arrow.
The arrow hits you!!
* * * LOW HITPOINT WARNING * * *
The elephant tramples you but does no damage.
The elephant closely misses you.
Nessos shoots an arrow.
You block the arrow.
Your black mamba zombie bites Nessos!
Your spiny frog zombie hits Nessos.
Your komodo dragon zombie bites the wolf!
Your spiny frog zombie hits the elephant but does no damage.
There is a stone staircase leading up, spattered with blood here.
Nessos shoots an arrow.
You block the arrow.
Your black mamba zombie bites Nessos!
Nessos shoots an arrow.
The arrow hits you!!
You die...

≈≈ .......................P###
≈..♣.......................P..
...♣..........................
....♣.Zc......................
.......Z...................<..
.......Z......................
.......((.(...................
......Z(..†((.................
...♣....h(Z.Y@................
.........(....................
............................#.
..........................≈≈≈.
♣♣............≈≈..≈≈.≈....≈≈≈P
♣.............≈##≈≈##≈≈##≈≈#.≈
..............≈##≈≈#.≈P#.≈≈##P
.........≈≈ ≈≈ ≈P ≈≈


You could see Nessos, an elephant, a wolf, 2 friendly komodo dragon zombies, a
friendly black mamba zombie and 2 friendly spiny frog zombies.

Vanquished Creatures
  A dire elephant (Lair:5)
  Snorg (Lair:6)
  A minotaur (Lab)
  Erolcha (D:11)
  3 hydras
  The ghost of Setanta the Blocker, a journeyman GnFi of Okawaru (Lair:1)
  A centaur warrior (D:12)
  10 two-headed ogres
  3 ogre magi (Orc:2)
  An orc high priest (Orc:2)
  The ghost of kaesh the Ruffian, a novice TrMo of Qazlal (D:7)
  Sonja (D:10)
  A skeletal warrior (D:12)
  An unseen horror (Lab)
  An orc knight (Orc:2)
  5 lindwurms (Lair:5)
  Pikel (D:4)
  An orc sorcerer (Orc:2)
  An ugly thing (D:11)
  An oklob plant (Lair:4)
  5 black mambas
  7 spiny frogs
  A gargoyle (D:10)
  2 centaur skeletons
  2 rime drakes (Lair:6)
  7 komodo dragons
  A kobold demonologist (D:11)
  A wind drake (Lair:6)
  4 trolls
  A jumping spider (Lair:2)
  3 polar bears
  2 hornets
  A tyrant leech (Lair:4)
  17 blink frogs
  2 dream sheep (Lair:6)
  9 hippogriffs
  A redback (Lair:2)
  Sigmund (D:2)
  A wraith (D:11)
  13 yaks
  A human (D:11)
  7 basilisks
  3 hogs (D:11)
  3 hungry ghosts
  A warg (D:9)
  2 swamp worms (Lair:4)
  Menkaure (D:7)
  An acid dragon (D:11)
  14 water moccasins
  8 porcupines
  16 orc warriors
  3 slaves (D:4)
  A necrophage (D:7)
  29 ogres
  4 ice beasts
  26 wolves
  A phantom (D:10)
  6 centaurs
  10 crocodiles
  A big kobold (D:8)
  12 bullfrogs
  A gnoll sergeant (D:9)
  A water moccasin zombie (D:5)
  12 killer bees
  5 scorpions
  11 wights
  5 howler monkeys
  3 crimson imps
  A bullfrog zombie (D:11)
  A centaur zombie (D:9)
  A hound (D:11)
  13 orc priests
  4 jellies
  Jessica (D:3)
  A bullfrog skeleton (D:12)
  4 iguanas
  24 orc wizards
  8 worker ants
  2 hound zombies
  A hound skeleton (D:4)
  2 worker ant zombies (D:9)
  12 gnolls
  11 adders
  2 shadow imps (D:7)
  2 adder zombies
  2 worms
  4 dart slugs
  9 leopard geckos
  68 orcs
  6 bats
  3 giant cockroaches
  6 goblins
  6 hobgoblins
  4 jackals (D:6)
  10 kobolds
  4 quokkas
  2 ball pythons
  6 frilled lizards
  2 giant cockroach zombies
  2 leopard gecko zombies
  5 rats
  2 fungi
  A plant (Lair:2)
538 creatures vanquished.

Vanquished Creatures (collateral kills)
  An ogre mage (Orc:2)
  A hydra (Lair:5)
  3 two-headed ogres (Orc:2)
  3 elephants (Lair:6)
  A black mamba (Lair:6)
  5 spiny frogs
  3 komodo dragons (Lair:6)
  A rime drake (Lair:3)
  A polar bear (Lair:6)
  A hippogriff (Lair:4)
  2 hornets (Lair:6)
  4 blink frogs
  A yak (Lair:3)
  A hungry ghost (D:12)
  A water moccasin (Lair:6)
  A porcupine (Lair:4)
  An ice beast (D:12)
  5 wolves (Lair:6)
  3 ogres
  2 crocodiles
  2 bullfrogs
  2 hounds (D:12)
  3 orcs
48 creatures vanquished.

Vanquished Creatures (others)
  An orc warrior (D:6)
  A wolf (Lair:6)
  A hound (D:6)
  An orc (D:6)
  12 plants
16 creatures vanquished.

Grand Total: 602 creatures vanquished

Notes
Turn   | Place    | Note
-------+----------+-------------------------------------------
     0 | D:1      | VLARC the Demigod Fire Elementalist began the quest for the Orb.
     0 | D:1      | Reached XP level 1. HP: 14/14 MP: 5/5
    52 | D:1      | Reached skill level 1 in Conjurations
   237 | D:1      | Reached XP level 2. HP: 14/20 MP: 7/7
  1156 | D:2      | Reached XP level 3. HP: 26/26 MP: 8/8
  1335 | D:2      | Reached XP level 4. HP: 18/33 MP: 9/9
  1712 | D:2      | Noticed Sigmund
  1896 | D:2      | Learned a level 3 spell: Conjure Flame
  1926 | D:3      | Noticed Jessica
  1937 | D:3      | Killed Jessica
  2316 | D:3      | Reached XP level 5. HP: 38/38 MP: 10/10
  2989 | D:4      | Reached XP level 6. HP: 14/45 MP: 3/11
  3304 | D:4      | Noticed Pikel
  3324 | D:4      | Killed Pikel
  3324 | D:4      | Reached skill level 5 in Conjurations
  3324 | D:4      | Reached skill level 5 in Fire Magic
  3324 | D:4      | Reached XP level 7. HP: 36/50 MP: 1/12
  3440 | D:4      | Found Nuadal's Distillery.
  3446 | D:4      | Bought a potion of heal wounds for 50 gold pieces
  3446 | D:4      | Bought a potion of lignification for 30 gold pieces
  3446 | D:4      | Bought a potion of berserk rage for 50 gold pieces
  3446 | D:4      | Bought a potion of mutation for 80 gold pieces
  3806 | D:3      | Learned a level 4 spell: Sticky Flame
  3854 | D:2      | Killed Sigmund
  3880 | D:2      | Found a burning altar of Makhleb.
  4048 | D:5      | Entered Level 5 of the Dungeon
  4830 | D:5      | Reached XP level 8. HP: 54/57 MP: 13/13
  4884 | D:5      | Got a translucent chain mail
  5242 | D:5      | Identified the +1 chain mail "Puwiuqamo" {Dex+5 Slay+2} (You found it on level 5 of the Dungeon)
  5884 | D:6      | Found a staircase to the Ecumenical Temple.
  6761 | D:7      | Found Joefeina's General Store.
  6894 | D:7      | Noticed Menkaure
  6895 | D:7      | Noticed a hippogriff
  6910 | D:6      | Killed a hippogriff
  6910 | D:6      | Reached XP level 9. HP: 35/62 MP: 7/14
  7105 | D:7      | Killed Menkaure
  7726 | D:7      | Noticed kaesh's ghost (novice TrMo)
  7771 | D:7      | Found a sacrificial altar of Ru.
  7850 | D:7      | Killed kaesh's ghost
  8450 | D:8      | Found an ornate altar of the Wu Jian Council.
  8679 | D:8      | Noticed a komodo dragon
  8708 | D:8      | Found a staircase to the Lair.
  8722 | D:8      | Killed a komodo dragon
  9130 | D:8      | Noticed a two-headed ogre
  9180 | D:8      | Killed a two-headed ogre
  9180 | D:8      | Reached skill level 10 in Conjurations
  9180 | D:8      | Reached skill level 10 in Fire Magic
  9180 | D:8      | Reached XP level 10. HP: 48/69 MP: 1/15
  9784 | D:9      | Found a sparkling altar of Nemelex Xobeh.
 10162 | D:9      | Learned a level 5 spell: Fireball
 10164 | D:9      | Learned a level 1 spell: Apportation
 10166 | D:9      | Learned a level 1 spell: Animate Skeleton
 10168 | D:9      | Learned a level 1 spell: Confusing Touch
 10190 | D:9      | Found a sacrificial altar of Ru.
 10193 | D:9      | Found a hide-covered altar of Uskayaw.
 10195 | D:9      | Found a white marble altar of Elyvilon.
 10602 | D:9      | Found a staircase to the Orcish Mines.
 11222 | D:10     | Entered Level 10 of the Dungeon
 11238 | D:9      | Reached skill level 5 in Spellcasting
 11515 | D:10     | Noticed Sonja
 11525 | D:10     | Killed Sonja
 11746 | D:10     | Learned a level 5 spell: Borgnjor's Vile Clutch
 11775 | D:10     | Paralysed by a hornet for 1 turns
 12386 | Lair:1   | Entered Level 1 of the Lair of Beasts
 12394 | Lair:1   | Noticed Setanta's ghost (journeyman GnFi)
 12398 | D:8      | Reached skill level 1 in Necromancy
 12398 | D:8      | Reached skill level 1 in Earth Magic
 12852 | Orc:1    | Entered Level 1 of the Orcish Mines
 13036 | Orc:1    | Found Qonaun's Distillery.
 13045 | Orc:1    | Bought a potion of brilliance for 40 gold pieces
 14495 | D:9      | Reached XP level 11. HP: 25/74 MP: 14/24
 15788 | D:11     | Noticed Erolcha
 16579 | D:11     | Got a twisted dagger
 16580 | D:11     | Identified the cursed +1 dagger of Pamniav {pierce, rF++ rC+ Int-4 Dex-3} (You found it on level 11 of the Dungeon)
 16596 | D:11     | Reached skill level 5 in Necromancy
 16596 | D:11     | Reached skill level 5 in Earth Magic
 18279 | Orc:2    | Entered Level 2 of the Orcish Mines
 18483 | Orc:2    | Noticed an orc knight
 19507 | Orc:2    | Killed an orc knight
 19748 | Orc:2    | Noticed an orc high priest
 19751 | Orc:2    | Killed an orc high priest
 19989 | Orc:2    | Noticed a two-headed ogre
 19996 | Orc:2    | Killed a two-headed ogre
 20067 | Orc:2    | Noticed a two-headed ogre
 20078 | Orc:2    | Noticed a two-headed ogre
 20258 | Orc:2    | Noticed an ogre mage
 20263 | Orc:2    | Killed an ogre mage
 20264 | Orc:2    | Noticed an ogre mage
 20264 | Orc:2    | Noticed an ogre mage
 20399 | Orc:2    | Killed a two-headed ogre
 20552 | Orc:1    | Killed a two-headed ogre
 20799 | Orc:2    | Noticed an ogre mage
 20815 | Orc:2    | Reached XP level 12. HP: 42/89 MP: 17/25
 20816 | Orc:2    | Killed an ogre mage
 20942 | Orc:2    | Reached skill level 5 in Fighting
 21139 | Orc:2    | Found Urofu's Assorted Antiques.
 21139 | Orc:2    | Found Jypieh's Assorted Antiques.
 21156 | Orc:2    | Found Qigaoc's Antique Armour Shoppe.
 21156 | Orc:2    | Found Xoyrasylu's Book Shop.
 21174 | Orc:2    | Bought a shiny buckler for 210 gold pieces
 21251 | Orc:2    | Killed an ogre mage
 21284 | Orc:2    | Killed an ogre mage
 21513 | Orc:2    | Found Xois's Food Shop.
 21518 | Orc:2    | Found a staircase to the Elven Halls.
 22044 | D:11     | Killed Erolcha
 22635 | D:12     | Noticed a centaur warrior
 22725 | D:12     | Noticed a death knight
 22983 | D:12     | Killed a centaur warrior
 23702 | Lair:1   | Killed Setanta's ghost
 24073 | Lair:1   | Learned a level 4 spell: Animate Dead
 24299 | Lair:1   | Reached XP level 13. HP: 95/107 MP: 9/30
 26573 | Lair:3   | Found a hole to the Spider Nest.
 26838 | Lair:3   | Reached skill level 1 in Shields
 28320 | Lair:4   | Reached skill level 10 in Fighting
 28341 | Lair:4   | Found a labyrinth entrance.
 28365 | Lab      | Entered a labyrinth
 29063 | Lab      | Got a transparent iron ring
 29070 | Lab      | Identified the ring "Uboj" {rPois rC- Str+9 Stlth+} (You found it in a labyrinth)
 29087 | Lab      | Got an iridescent spear
 29088 | Lab      | Identified the +9 spear "Grom" {venom, rN+} (You found it in a labyrinth)
 29518 | Lair:4   | Found a staircase to the Swamp.
 30163 | Lair:4   | Found an ornate altar of the Wu Jian Council.
 30672 | Lair:5   | Reached skill level 5 in Dodging
 31433 | Lair:5   | Got a shimmering dagger
 31434 | Lair:5   | Identified the +3 dagger of Okawaru's Esteem {freeze, SInv} (You found it on level 5 of the Lair of Beasts)
 31970 | Lair:6   | Entered Level 6 of the Lair of Beasts
 32465 | Lair:6   | Noticed Snorg
 32469 | Lair:6   | Killed Snorg
 32469 | Lair:6   | Reached XP level 14. HP: 121/121 MP: 10/31
 33780 | Lair:6   | Noticed Nessos
 33795 | Lair:6   | Shot with an arrow by Nessos

Skill      XL: |  1  2  3  4  5  6  7  8  9 10 11 12 13 14 |
---------------+-------------------------------------------+-----
Conjurations   | 1 2 3 4 5 6 8 10 | 10.1
Fire Magic     | 3 4 5 6 8 10 | 10.1
Spellcasting   | 6 9 |  9.0
Necromancy     | 3 7 |  7.1
Earth Magic    | 3 7 |  7.1
Fighting       | 3 7 10 | 10.0
Shields        | 4 |  4.1
Dodging        | 7 9 |  9.6
Stealth        | |  1.7

Action                   |  1- 3 |  4- 6 |  7- 9 | 10-12 | 13-15 || total
-------------------------+-------+-------+-------+-------+-------++-------
Melee: Short sword       |    46 |    73 |   183 |   148 |    45 ||   495
       Dagger            |       |       |       |    16 |       ||    16
       Spear             |       |       |       |       |    99 ||    99
Throw: Stone             |       |     9 |    13 |    18 |     8 ||    48
 Cast: Flame Tongue      |    43 |    33 |   127 |   231 |    51 ||   485
       Conjure Flame     |       |     3 |    11 |     2 |     1 ||    17
       Sticky Flame      |       |       |    13 |    62 |    18 ||    93
       Fireball          |       |       |       |    59 |    16 ||    75
       Animate Skeleton  |       |       |       |    35 |     1 ||    36
       Borgnjor's Vile C |       |       |       |    68 |   103 ||   171
       Confusing Touch   |       |       |       |     1 |       ||     1
       Animate Dead      |       |       |       |       |    33 ||    33
Evoke: Wand              |       |     2 |     6 |     1 |       ||     9
       Fan of gales      |       |       |       |       |     1 ||     1
  Use: Scroll            |       |    14 |     2 |     6 |    11 ||    33
       Potion            |       |       |       |     3 |     4 ||     7
 Stab: Distracted        |       |     1 |     1 |       |     2 ||     4
       Sleeping          |       |     1 |     9 |     5 |     2 ||    17
       Invisible         |       |       |       |       |     1 ||     1
  Eat: Chunk             |     1 |    15 |    29 |    77 |    44 ||   166
       Ration            |       |       |       |     3 |     3 ||     6
Armor: Robe              |     3 |     6 |    49 |    87 |    40 ||   185
       Leather armour    |     5 |     3 |       |       |       ||     8
Dodge: Dodged            |    32 |    36 |   112 |   243 |   174 ||   597
Block: Buckler           |       |       |       |       |    62 ||    62
